 Dungeon Crawl Stone Soup version 0.29.0-4-gdea44cf6ec (webtiles) character file.

Game seed: 3441966232729059924

926 qw the Cleaver (level 7, -1/62 HPs)
             Began as a Minotaur Fighter on Sept 8, 2022.
             Succumbed to a water moccasin's poison
             ... on level 5 of the Dungeon.
             The game lasted 00:02:00 (5059 turns).

qw the Cleaver (Minotaur Fighter)                   Turns: 5059, Time: 00:02:01

Health: -1/62      AC:  9    Str: 21 (22) XL:     7   Next: 85%
Magic:  6/6        EV:  9    Int:  5      God:
Gold:   155        SH:  4    Dex: 10      Spells: 6/6 levels left

rFire   . . .      SeeInvis .   Y - +1 war axe
rCold   . . .      Faith    .   c - +0 buckler
rNeg    . . .      Spirit   .   b - +0 scale mail
rPois   .          Reflect  .   (helmet restricted)
rElec   .          Harm     .   p - +0 cloak
rCorr   .          Rampage  .   (no gloves)
Will    .....                   e - +0 pair of boots
Stlth   ..........              (no amulet)
HPRegen 0.20/turn               (no ring)
MPRegen 0.10/turn               (no ring)

@: lethally poisoned (-1 -> -16), about to teleport
A: horns 2, retaliatory headbutt
a: no special abilities


You were on level 5 of the Dungeon.
You visited 2 branches of the dungeon, and saw 6 of its levels.

You collected 197 gold pieces.
You spent 42 gold pieces at shops.


Innate Abilities, Weirdness & Mutations

You have a pair of horns on your head.
You reflexively headbutt those who attack you in melee.


   Skills:
 - Level 5.7 Fighting
 + Level 9.9 Axes
 - Level 3.6 Armour
 - Level 1.1 Dodging
 - Level 3.6 Shields


You had 6 spell levels left.
You didn't know any spells.
Your spell library was empty.

Inventory:

Hand Weapons
 n - a +0 flail
 Y - a +1 war axe (weapon)
Missiles
 f - 3 boomerangs (quivered)
Armour
 b - a +0 scale mail (worn)
 c - a +0 buckler (worn)
 e - a +0 pair of boots (worn)
 p - a +0 cloak (worn)
Jewellery
 g - a ring of ice
Scrolls
 a - a scroll of noise {unknown}
 k - a scroll of identify
 m - a scroll of teleportation
Potions
 d - a potion of might
 h - a potion of curing {unknown}
 s - a potion of brilliance {unknown}

Dungeon Overview and Level Annotations

Branches:
Dungeon (5/15)             Temple (1/1) D:4

Altars:
Ashenzari
Cheibriados
Elyvilon
Gozag
Kikubaaqudgha
Makhleb
Nemelex Xobeh
Okawaru
Trog
Uskayaw
Vehumet
Wu Jian
Xom
Yredelemnul
The Shining One

Shops:
D:3 (

Annotations:
D:4 3 runed translucent doors, qw's ghost, amateur DsCA


Message History

A water moccasin comes into view.
The water moccasin hisses angrily.
The orc hits you with a +0 war axe of freezing.
The orc freezes you.
You hit the orc.
The orc is severely wounded.
The orc closely misses you.
You barely miss the orc. You headbutt the orc.
The orc is almost dead.
You slash the orc!
You kill the orc!
You block the orc's attack.
You barely miss the orc.
The orc is almost dead.
You slash the orc!
You kill the orc!
You slash the orc priest!
The orc hits you with a +0 war axe of freezing.
The orc freezes you.
The orc priest hits you but does no damage.
You slash the orc!
You kill the orc!
You barely miss the water moccasin. You closely miss the orc priest.
The water moccasin bites you!
You are poisoned.
The water moccasin poisons you!
The orc priest calls down the wrath of Beogh upon you.
Beogh smites you!
A necrophage comes into view.
5058 ||| READING 2 scrolls of teleportation.
As you read the scroll of teleportation, it crumbles to dust.
You feel strangely unstable.
You feel very sick. The water moccasin misses you.
The orc priest hits you with a +0 flail.
You block the water moccasin's attack.
You hit the orc priest. Your headbutt misses the orc priest.
The orc priest is severely wounded.
You hit the water moccasin.
You die...

..#.......####......
##........####.......
##.....#..............
......##....##.......
#....##....##..#.... .##
#....##.##.##.##:...
....##:.....##.#........
......S.....#......##...
.n....)@................
....[.)o...........(....
........................
.........!........#:#...
###......<.$........###.
#.................#
#..................#
..........####.#


You could see a water moccasin, a necrophage and an orc priest.

Vanquished Creatures
  Sigmund (D:3)
  Menkaure (D:5)
  An ice beast (D:5)
  A phantom (D:5)
  A necrophage (D:5)
  A scorpion (D:4)
  2 hounds (D:5)
  2 jellies (D:5)
  An iguana (D:5)
  Robin (D:3)
  4 gnolls
  5 adders
  A worm (D:2)
  3 dart slugs
  6 orcs
  12 bats
  10 endoplasms
  3 giant cockroaches
  19 goblins
  8 hobgoblins
  4 ball pythons
  3 frilled lizards
  9 kobolds
  6 rats
105 creatures vanquished.

Notes
Turn   | Place    | Note
-------+----------+-------------------------------------------
     0 | D:1      | qw the Minotaur Fighter began the quest for the Orb.
     0 | D:1      | Reached XP level 1. HP: 19/19 MP: 0/0
     0 | D:1      | 0 ||| qw: Version: 0.1-a-112-g44dc6cd
     0 | D:1      | 0 ||| qw: Game counter: 6653
     0 | D:1      | 0 ||| qw: Always use a shield: true
     0 | D:1      | 0 ||| qw: God list: Ru
     0 | D:1      | 0 ||| qw: Allow faded altars: false
     0 | D:1      | 0 ||| qw: Do Orc after D:15 true
     0 | D:1      | 0 ||| qw: Do second Lair branch before Depths: true
     0 | D:1      | 0 ||| qw: Lair rune preference: random
     0 | D:1      | 0 ||| qw: Plans: Normal
     0 | D:1      | 0 ||| PLANNING D:1-11
    24 | D:1      | 24 ||| Stepping ~*~*~tactically~*~*~ (stealth).
    38 | D:1      | Reached skill level 3 in Axes
   168 | D:1      | 168 ||| Stepping ~*~*~tactically~*~*~ (stealth).
   169 | D:1      | 169 ||| Stepping ~*~*~tactically~*~*~ (stealth).
   171 | D:1      | 171 ||| Stepping ~*~*~tactically~*~*~ (stealth).
   172 | D:1      | 172 ||| Stepping ~*~*~tactically~*~*~ (stealth).
   174 | D:1      | Reached XP level 2. HP: 26/26 MP: 1/1
   350 | D:1      | Reached skill level 4 in Axes
   358 | D:1      | 358 ||| DROPPING +0 club.
   494 | D:1      | Reached XP level 3. HP: 31/31 MP: 2/2
  1038 | D:1      | 1038 ||| DROPPING amulet of magic regeneration.
  1039 | D:1      | 1039 ||| READING scroll labelled LUYLIS HYGI.
  1040 | D:1      | 1040 ||| READING scroll labelled ZOXUNO XIHOUCIOVEA.
  1041 | D:1      | 1041 ||| READING scroll labelled QIYRRI KONG.
  1045 | D:1      | 1045 ||| DRINKING 2 red potions.
  1049 | D:2      | Found a broken altar of Ashenzari.
  1161 | D:2      | 1161 ||| Stepping ~*~*~tactically~*~*~ (stealth).
  1287 | D:2      | Identified the +0 leather armour of Mental Paralysis {rN+
                  | Dex+5}
  1334 | D:2      | Reached skill level 5 in Axes
  1373 | D:2      | 1373 ||| Stepping ~*~*~tactically~*~*~ (stealth).
  1375 | D:2      | 1375 ||| Stepping ~*~*~tactically~*~*~ (hiding).
  1377 | D:2      | 1377 ||| Stepping ~*~*~tactically~*~*~ (hiding).
  1378 | D:2      | 1378 ||| Stepping ~*~*~tactically~*~*~ (hiding).
  1379 | D:2      | 1379 ||| Stepping ~*~*~tactically~*~*~ (hiding).
  1385 | D:2      | Reached skill level 1 in Dodging
  1385 | D:2      | Reached XP level 4. HP: 39/39 MP: 3/3
  1392 | D:2      | 1392 ||| Stepping ~*~*~tactically~*~*~ (stealth).
  1393 | D:2      | 1393 ||| Stepping ~*~*~tactically~*~*~ (stealth).
  1398 | D:2      | 1398 ||| Stepping ~*~*~tactically~*~*~ (stealth).
  1517 | D:2      | 1517 ||| Stepping ~*~*~tactically~*~*~ (stealth).
  1525 | D:2      | 1525 ||| Stepping ~*~*~tactically~*~*~ (stealth).
  1527 | D:2      | 1527 ||| Stepping ~*~*~tactically~*~*~ (hiding).
  1681 | D:2      | 1681 ||| Stepping ~*~*~tactically~*~*~ (hiding).
  1779 | D:2      | 1779 ||| Stepping ~*~*~tactically~*~*~ (stealth).
  2061 | D:2      | 2061 ||| DROPPING +0 leather armour of Mental Paralysis
                  | {rN+ Dex+5}.
  2062 | D:2      | 2062 ||| UPGRADING to +0 cloak.
  2067 | D:2      | 2067 ||| READING 2 scrolls labelled HOUFRINUME.
  2068 | D:2      | 2068 ||| READING scroll labelled EPHOCR WESMUUMP.
  2207 | D:2      | 2207 ||| READING scroll labelled AMECWU EWIAWACW.
  2208 | D:2      | 2208 ||| READING scroll labelled UDDY KAROCS.
  2209 | D:2      | 2209 ||| READING scroll labelled AHI UFFUKHLOLL.
  2210 | D:2      | 2210 ||| READING scroll labelled POLICA OCZYPT.
  2211 | D:2      | 2211 ||| READING 2 scrolls of identify.
  2211 | D:2      | 2211 ||| IDENTIFYING smoky emerald potion
  2212 | D:2      | 2212 ||| DROPPING potion of attraction.
  2213 | D:2      | 2213 ||| DROPPING scroll of fear.
  2218 | D:3      | Found an opulent altar of Gozag.
  2398 | D:3      | 2398 ||| Stepping ~*~*~tactically~*~*~ (stealth).
  2411 | D:3      | 2411 ||| Stepping ~*~*~tactically~*~*~ (stealth).
  2413 | D:3      | Noticed Sigmund
  2418 | D:3      | Noticed Robin
  2422 | D:3      | Killed Sigmund
  2423 | D:3      | Reached skill level 7 in Axes
  2423 | D:3      | Reached XP level 5. HP: 42/45 MP: 4/4
  2423 | D:3      | Reached XP level 6. HP: 48/51 MP: 5/5
  2426 | D:3      | Killed Robin
  2508 | D:3      | Found a hide-covered altar of Uskayaw.
  2794 | D:3      | Found Arphut's Weapon Shop.
  2804 | D:3      | 2804 ||| BUYING +0 flail (42 gold).
  2804 | D:3      | Bought a +0 flail for 42 gold pieces
  2804 | D:3      | 2804 ||| SHOPLISTING +2 morningstar of protection (201
                  | gold, have 34).
  2804 | D:3      | 2804 ||| DROPPING +0 whip.
  2883 | D:3      | 2883 ||| DRINKING 2 fizzy red potions.
  2984 | D:3      | 2984 ||| DRINKING 2 green potions.
  2985 | D:3      | 2985 ||| READING 2 scrolls of identify.
  2985 | D:3      | 2985 ||| IDENTIFYING orange potion
  2986 | D:3      | 2986 ||| DROPPING potion of ambrosia.
  2987 | D:3      | 2987 ||| DROPPING potion of lignification.
  2988 | D:3      | 2988 ||| DROPPING potion of degeneration.
  3149 | D:4      | Found a staircase to the Ecumenical Temple.
  3150 | D:4      | 3150 ||| PLANNING TEMPLE
  3158 | D:4      | Identified the +1 leather armour of the Eternal Fruit {rN+
                  | Will- Dex+2}
  3178 | D:4      | 3178 ||| Stepping ~*~*~tactically~*~*~ (stealth).
  3281 | D:4      | Reached skill level 8 in Axes
  3447 | D:4      | 3447 ||| DROPPING +1 leather armour of the Eternal Fruit
                  | {rN+ Will- Dex+2}.
  3464 | Temple   | Entered the Ecumenical Temple
  3644 | Temple   | 3644 ||| PLANNING D:1-11
  3690 | D:4      | Identified the +5 sling "Jauleskem" {vorpal, rCorr Str+2
                  | Dex-5}
  3766 | D:4      | 3766 ||| Stepping ~*~*~tactically~*~*~ (stealth).
  3773 | D:4      | 3773 ||| Stepping ~*~*~tactically~*~*~ (stealth).
  3775 | D:4      | 3775 ||| Stepping ~*~*~tactically~*~*~ (hiding).
  3777 | D:4      | 3777 ||| Stepping ~*~*~tactically~*~*~ (hiding).
  3785 | D:4      | 3785 ||| FLEEEEING.
  3786 | D:4      | 3786 ||| FLEEEEING.
  3787 | D:4      | 3787 ||| FLEEEEING.
  3788 | D:4      | 3788 ||| FLEEEEING.
  3789 | D:4      | 3789 ||| FLEEEEING.
  3792 | D:4      | 3792 ||| FLEEEEING.
  3793 | D:4      | 3793 ||| FLEEEEING.
  3794 | D:4      | 3794 ||| FLEEEEING.
  3798 | D:4      | 3798 ||| FLEEEEING.
  3946 | D:4      | Found a runed translucent gate.
  3947 | D:4      | Found a runed translucent gate.
  3948 | D:4      | Found a runed translucent gate.
  3949 | D:4      | Noticed qw's ghost (amateur DsCA)
  4249 | D:4      | 4249 ||| UPGRADING to +0 pair of boots.
  4254 | D:4      | 4254 ||| READING scroll labelled CYONAU ZUCI.
  4307 | D:5      | Entered Level 5 of the Dungeon
  4307 | D:5      | Found a broken altar of Ashenzari.
  4316 | D:5      | 4316 ||| Stepping ~*~*~tactically~*~*~ (stealth).
  4335 | D:5      | 4335 ||| Stepping ~*~*~tactically~*~*~ (stealth).
  4356 | D:5      | 4356 ||| Stepping ~*~*~tactically~*~*~ (stealth).
  4401 | D:5      | Reached skill level 9 in Axes
  4401 | D:5      | Reached XP level 7. HP: 59/59 MP: 6/6
  4416 | D:5      | Noticed Menkaure
  4423 | D:5      | HP: 2/58 [Menkaure (18)]
  4424 | D:5      | 4424 ||| READING 3 scrolls of teleportation.
  4425 | D:5      | 4425 ||| DRINKING 2 potions of heal wounds.
  4426 | D:5      | 4426 ||| DRINKING potion of heal wounds.
  4427 | D:5      | 4427 ||| FLEEEEING.
  4428 | D:5      | 4428 ||| FLEEEEING.
  4429 | D:5      | 4429 ||| FLEEEEING.
  4430 | D:5      | 4430 ||| FLEEEEING.
  4469 | D:5      | Killed Menkaure
  4470 | D:5      | 4470 ||| FLEEEEING.
  4471 | D:5      | 4471 ||| FLEEEEING.
  4472 | D:5      | 4472 ||| FLEEEEING.
  4473 | D:5      | 4473 ||| FLEEEEING.
  4474 | D:5      | 4474 ||| FLEEEEING.
  4475 | D:5      | 4475 ||| FLEEEEING.
  4476 | D:5      | 4476 ||| FLEEEEING.
  4477 | D:5      | 4477 ||| FLEEEEING.
  4478 | D:5      | 4478 ||| FLEEEEING.
  4479 | D:5      | 4479 ||| FLEEEEING.
  4480 | D:5      | 4480 ||| FLEEEEING.
  4481 | D:5      | 4481 ||| FLEEEEING.
  4482 | D:5      | 4482 ||| FLEEEEING.
  4483 | D:5      | 4483 ||| FLEEEEING.
  4484 | D:5      | 4484 ||| STAIRDANCE
  4771 | D:5      | 4771 ||| STAIRDANCE
  4924 | D:5      | 4924 ||| Stepping ~*~*~tactically~*~*~ (stealth).
  4925 | D:5      | 4925 ||| FLEEEEING.
  5057 | D:5      | HP: 7/62 [orc priest/divine providence (12)]
  5058 | D:5      | 5058 ||| READING 2 scrolls of teleportation.
  5058 | D:5      | HP: 3/62 [poisoned by a water moccasin]
  5059 | D:5      | Succumbed to a water moccasin's poison

Levels and vault maps discovered:
D:1:      dpeg_arrival_lava_temple_mockup, layout_loops_ring
D:2:      minmay_spotlight, layout_loops_ring, basic_altar
D:3:      layout_basic, nicolae_gozag_seed_capital,
          nicolae_uskayaw_murder_on_the_dancefloor, serial_shops, shop,
          grunt_ministairs_2, uniq_robin, uniq_sigmund
D:4:      layout_basic, temple_pool_b, gammafunk_ghost_necromancy,
          hangedman_decor_opposing
D:5:      layout_cave_pools, mainiacjoe_overflow_chevrons, uniq_menkaure
Temple:   minmay_temple_bridge_abc

Skill      XL: |  1  2  3  4  5  6  7 |
---------------+----------------------+-----
Axes           | 3 4 5 7 9 |  9.9
Dodging        | 1 |  1.1
Fighting       | 4 5 |  5.7
Armour         | |  3.6
Shields        | |  3.6

Action                   |  1- 3 |  4- 6 |  7- 9 || total
-------------------------+-------+-------+-------++-------
Melee: War axe           |    76 |   116 |    28 ||   220
       Headbutt          |     4 |    14 |     5 ||    23
Throw: Boomerang         |       |    28 |     5 ||    33
  Use: Scroll            |     3 |     9 |     2 ||    14
       Potion            |     1 |     2 |     2 ||     5
Armor: Scale mail        |    24 |    54 |     8 ||    86
Dodge: Dodged            |    34 |    51 |    10 ||    95
Block: Buckler           |    14 |    22 |     4 ||    40

Table legend:
 A = Non-vault XP
 B = Vault XP
 C = Vault XP percentage of total XP
 D = Non-vault monster count
 E = Vault monster count
 F = Vault count percentage of total count
                 A         B        C        D         E       F
            +---------+---------+-------+---------+---------+-------
      Total |     842 |     482 |  36.4 |      83 |      22 |  21.0
            +---------+---------+-------+---------+---------+-------
        D:1 |      60 |       0 |   0.0 |      28 |       0 |   0.0
        D:2 |      63 |      38 |  37.6 |      24 |       6 |  20.0
        D:3 |       8 |     272 |  97.1 |       5 |      15 |  75.0
        D:4 |     155 |       0 |   0.0 |      13 |       0 |   0.0
        D:5 |     556 |     172 |  23.6 |      13 |       1 |   7.1
            +---------+---------+-------+---------+---------+-------
